 Dungeon Crawl Stone Soup version 0.28.0-45-g0d030f2227 (webtiles) character file.

Game seed: 4589847691542064286

19226 RascalDebosk the Cleaver (level 12, -4/108 HPs)
             Began as a Minotaur Fighter on Apr 17, 2022.
             Was a Priest of Trog.
             Slain by a four-headed hydra (8 damage)
             ... on level 2 of the Lair of Beasts on Apr 18, 2022.
             The game lasted 01:23:14 (12594 turns).

RascalDebosk the Cleaver (Minotaur Fighter)        Turns: 12594, Time: 01:23:16

Health: -4/108     AC: 24    Str: 24    XL:     12   Next: 34%
Magic:  11/11      EV:  7    Int:  7    God:    Trog [***...]
Gold:   718        SH:  6    Dex: 10    Spells: 11/11 levels left

rFire   . . .      SeeInvis .   a - +4 war axe (flame)
rCold   + . .      Faith    .   c - +0 buckler
rNeg    . . .      Spirit   .   I - +0 plate armour
rPois   .          Reflect  .   g - +2 hat
rElec   .          Harm     .   (no cloak)
rCorr   .          Rampage  .   (no gloves)
Will    .....                   e - +2 pair of boots
Stlth   ..........              w - amulet of regeneration
HPRegen 1.08/turn               p - +4 ring of protection
MPRegen 0.12/turn               n - ring of protection from cold

@: mighty, on berserk cooldown, studying Axes
A: horns 2, retaliatory headbutt
a: Renounce Religion, Berserk, Trog's Hand


You were on level 2 of the Lair of Beasts.
You worshipped Trog.
Trog was most pleased with you.
You visited 3 branches of the dungeon, and saw 13 of its levels.

You collected 918 gold pieces.
You spent 200 gold pieces at shops.

Inventory:

Hand Weapons
 a - a +4 war axe of flaming (weapon)
 r - a +1 trident of freezing
 H - a +1 hand axe of electrocution
 O - the +9 war axe of the Tundras {venom, Will++ Str+4}
   (You found it on level 2 of the Lair of Beasts)

   It poisons the flesh of those it strikes.
   Str:       It affects your strength (+4).
   Will:      It greatly increases your willpower.
Missiles
 i - 8 boomerangs
 l - 13 atropa-tipped darts (quivered)
 m - 3 javelins
 D - a throwing net
 J - 4 poisoned darts
Armour
 c - a +0 buckler (worn)
 e - a +2 pair of boots (worn)
 g - a +2 hat (worn)
 I - a +0 plate armour (worn)
Jewellery
 k - a ring of see invisible
 n - a ring of protection from cold (right hand)
 p - a +4 ring of protection (left hand)
 t - a ring of willpower
 w - an amulet of regeneration (around neck)
 L - a ring of willpower
Wands
 f - a wand of flame (70)
 y - a wand of iceblast (14)
 B - a wand of paralysis (13)
 M - a wand of digging (4)
Scrolls
 o - 2 scrolls of identify
 A - 2 scrolls of torment
 G - 2 scrolls of teleportation
 K - a scroll of fog
Potions
 h - 2 potions of attraction
 j - 2 potions of ambrosia
 q - 9 potions of curing
 s - 2 potions of cancellation
 u - 2 potions of lignification
 v - 2 potions of haste
 x - a potion of degeneration {unknown}
 z - a potion of resistance {unknown}
 C - 2 potions of mutation {unknown}
 E - a potion of invisibility {unknown}
 F - a potion of heal wounds {unknown}


   Skills:
 + Level 10.7 Fighting
 + Level 12.3 Axes
 + Level 8.4 Throwing
 + Level 10.8 Armour
 + Level 10.6 Shields
 - Level 8.0 Evocations


You had 11 spell levels left.
You didn't know any spells.
Your spell library was empty.

Dungeon Overview and Level Annotations

Branches:
Dungeon (10/15)            Temple (1/1) D:4            Lair (2/6) D:10
 Shoals (0/4) Lair:2       Spider (0/4) Lair:2          Orc (0/2) D:10

Altars:
Ashenzari
Cheibriados
Dithmenos
Elyvilon
Fedhas
Gozag
Hepliaklqana
Kikubaaqudgha
Makhleb
Nemelex Xobeh
Okawaru
Qazlal
Ru
Sif Muna
Trog
Uskayaw
Vehumet
Wu Jian
Xom
Yredelemnul
Zin
The Shining One
Beogh

Shops:
D:4 *   D:9 =

Annotations:
Lair:1 2 transporters


Innate Abilities, Weirdness & Mutations

You have a pair of horns on your head.
You reflexively headbutt those who attack you in melee.


Message History

* * * LOW HITPOINT WARNING * * *
The seven-headed hydra bites you but does no damage.
The seven-headed hydra bites you!
* * * LOW HITPOINT WARNING * * *
You block the seven-headed hydra's attack.
The seven-headed hydra bites you but does no damage.
You lop one of the seven-headed hydra's heads off!
The flame cauterises the wound!
You hit the six-headed hydra. You burn the six-headed hydra.
The six-headed hydra is moderately wounded.
You block the six-headed hydra's attack.
The six-headed hydra bites you but does no damage.
The six-headed hydra bites you!
* * * LOW HITPOINT WARNING * * *
The six-headed hydra closely misses you.
The six-headed hydra bites you but does no damage. x2
You feel better. The six-headed hydra bites you!
* * * LOW HITPOINT WARNING * * *
The six-headed hydra bites you but does no damage.
The six-headed hydra bites you.
* * * LOW HITPOINT WARNING * * *
The six-headed hydra bites you but does no damage.
You block the six-headed hydra's attack. x2
You hack one of the six-headed hydra's heads off!
The flame cauterises the wound!
You slash the five-headed hydra! You burn the five-headed hydra.
The five-headed hydra is moderately wounded.
The five-headed hydra bites you.
* * * LOW HITPOINT WARNING * * *
The five-headed hydra bites you.
* * * LOW HITPOINT WARNING * * *
The five-headed hydra bites you but does no damage.
The five-headed hydra barely misses you. x2
You chop one of the five-headed hydra's heads off!
The flame cauterises the wound!
You slash the four-headed hydra! You burn the four-headed hydra.
The four-headed hydra is heavily wounded.
The four-headed hydra bites you but does no damage.
The four-headed hydra bites you!
You die...

####### #........................
##....###........................
##...[.##........................
###..####........................
###..# #........................
..#P.####.#################......
..........#♣♣.♣♣♣#F#♣♣♣.♣♣#......
..........#♣.♣.♣#D#.#♣.♣.♣#......
..........#.♣♣♣.@#8#F.♣♣♣.#......
..........#♣.♣.♣#.#.#♣.♣.♣#......
..........#♣♣.♣♣♣#†#♣♣♣.♣♣#...^..
..........# ######.###### #.....<
....#######♣♣♣l........♣♣♣#######
....# ♣.♣ #♣.D♣♣♣♣.♣♣♣♣F.♣#.....#
....# ♣.♣ #.♣♣♣...≈...♣♣♣.#.♣♣♣.#
....# ♣.♣ #♣..♣♣♣♣.♣♣♣♣..♣#.♣ ♣.#
....#♣♣.♣♣ ♣♣♣.........♣♣♣#.♣ ♣.#


You could see a four-headed hydra and a blink frog.

Vanquished Creatures
  Gastronok (Lair:1)
  4 hydras (Lair:2)
  3 two-headed ogres
  A lindwurm (Lair:2)
  Pikel (D:5)
  An elephant (Lair:2)
  A black mamba (Lair:2)
  Joseph (Lair:1)
  A torpor snail (Lair:2)
  6 cane toads
  A gargoyle (D:10)
  A rime drake (Lair:2)
  4 komodo dragons
  2 trolls (D:10)
  2 dream sheep (Lair:2)
  A blink frog (Lair:2)
  Sigmund (D:5)
  15 yaks
  2 wargs
  An acid dragon (D:10)
  6 water moccasins
  3 orc warriors
  2 sky beasts
  2 black bears
  3 necrophages
  4 ogres
  6 wolves (Lair:2)
  2 centaurs
  3 lemures (D:5)
  A phantom (D:6)
  8 bullfrogs
  7 scorpions
  A gnoll sergeant (D:6)
  An electric eel (Lair:1)
  3 wights (D:7)
  3 howler monkeys (D:8)
  A crimson imp (D:5)
  2 centaur zombies
  A jelly (D:6)
  A bullfrog skeleton (D:6)
  3 hounds
  12 orc priests
  Jessica (D:3)
  3 orc wizards
  2 iguanas (D:5)
  A hound skeleton (D:2)
  A howler monkey zombie (D:9)
  4 gnolls (D:6)
  11 adders
  2 white imps
  3 ufetubi
  5 worms
  A dart slug (D:3)
  29 orcs
  4 endoplasms
  7 giant cockroaches
  8 goblins
  5 hobgoblins
  3 jackals (D:1)
  6 kobolds
  5 quokkas
  8 ball pythons
  8 bats
  4 frilled lizards
  5 rats
251 creatures vanquished.

Vanquished Creatures (others)
  3 fungi
  217 plants
220 creatures vanquished.

Grand Total: 471 creatures vanquished

Notes
Turn   | Place    | Note
-------+----------+-------------------------------------------
     0 | D:1      | RascalDebosk the Minotaur Fighter began the quest for the
                  | Orb.
     0 | D:1      | Reached XP level 1. HP: 19/19 MP: 0/0
   617 | D:1      | Reached XP level 2. HP: 27/27 MP: 1/1
  1356 | D:1      | Found a faded altar of an unknown god.
  1632 | D:2      | Reached XP level 3. HP: 33/33 MP: 2/2
  1742 | D:2      | Reached skill level 1 in Evocations
  1855 | D:2      | Reached skill level 1 in Throwing
  1911 | D:2      | Reached skill level 3 in Axes
  2128 | D:2      | Reached XP level 4. HP: 38/40 MP: 3/3
  2720 | D:3      | Reached XP level 5. HP: 46/46 MP: 4/4
  2857 | D:3      | Noticed Jessica
  2862 | D:3      | Killed Jessica
  3468 | D:4      | Noticed a necrophage
  3477 | D:4      | Killed a necrophage
  3478 | D:4      | Reached XP level 6. HP: 53/53 MP: 5/5
  3575 | D:4      | Found a staircase to the Ecumenical Temple.
  3581 | Temple   | Entered the Ecumenical Temple
  3608 | Temple   | Became a worshipper of Trog the Wrathful
  3924 | D:4      | Reached skill level 4 in Axes
  3924 | D:4      | Reached skill level 5 in Armour
  3929 | D:4      | Reached skill level 5 in Fighting
  3929 | D:4      | Reached skill level 5 in Shields
  4239 | D:4      | Found Yckexio's Assorted Antiques.
  4249 | D:4      | Bought a blackened opal ring for 170 gold pieces
  4249 | D:4      | Bought a grey potion for 30 gold pieces
  4910 | D:5      | Entered Level 5 of the Dungeon
  4916 | D:5      | Reached XP level 7. HP: 60/61 MP: 6/6
  5006 | D:5      | Noticed Sigmund
  5021 | D:5      | Killed Sigmund
  5248 | D:5      | Reached * piety under Trog
  5351 | D:5      | Noticed Pikel
  5358 | D:5      | Killed Pikel
  5359 | D:5      | Reached skill level 5 in Axes
  5359 | D:5      | Reached XP level 8. HP: 70/70 MP: 7/7
  6315 | D:6      | You fall into a shaft and drop 3 floors!
  6336 | D:9      | Reached skill level 6 in Axes
  6340 | D:9      | Reached XP level 9. HP: 54/78 MP: 8/8
  6554 | D:6      | Reached skill level 5 in Throwing
  6926 | D:7      | Reached skill level 5 in Evocations
  6928 | D:7      | Reached ** piety under Trog
  7096 | D:7      | Reached skill level 7 in Axes
  7600 | D:8      | Noticed a two-headed ogre
  7609 | D:8      | Killed a two-headed ogre
  7610 | D:8      | Reached XP level 10. HP: 88/88 MP: 9/9
  7645 | D:8      | Found a transporter.
  7648 | D:8      | Noticed a two-headed ogre
  7651 | D:8      | Found a transporter.
  8465 | D:8      | Killed a two-headed ogre
  8516 | D:8      | Identified the +0 pair of boots "Lilic" {Harm rN+ rCorr}
  8779 | D:9      | Found Tolinuke's Jewellery Boutique.
  8809 | D:9      | Reached skill level 8 in Axes
  8956 | D:9      | Identified a scroll of acquirement
  8956 | D:9      | Acquired a manual of Axes
  9409 | D:10     | Entered Level 10 of the Dungeon
  9477 | D:10     | Found a staircase to the Orcish Mines.
  9565 | D:10     | Found a staircase to the Lair.
  9597 | D:10     | Noticed a two-headed ogre
  9609 | D:10     | Killed a two-headed ogre
  9663 | D:10     | Found a shadowy altar of Dithmenos.
  9838 | D:10     | Noticed a gargoyle
  9845 | D:10     | Killed a gargoyle
  9846 | D:10     | Reached skill level 9 in Axes
  9961 | D:10     | Reached XP level 11. HP: 50/97 MP: 10/10
 10729 | Lair:1   | Entered Level 1 of the Lair of Beasts
 10791 | Lair:1   | Noticed Joseph
 10803 | Lair:1   | Killed Joseph
 10824 | Lair:1   | Found a transporter.
 10842 | Lair:1   | Found a transporter.
 10842 | Lair:1   | Noticed a boulder beetle
 10897 | Lair:1   | Noticed Gastronok
 10908 | Lair:1   | Killed Gastronok
 11101 | Lair:1   | Reached skill level 10 in Axes
 11565 | Lair:2   | Noticed a lindwurm
 11576 | Lair:2   | Killed a lindwurm
 11743 | Lair:2   | Found a staircase to the Shoals.
 11785 | Lair:2   | Reached skill level 10 in Fighting
 11785 | Lair:2   | Reached skill level 10 in Armour
 11789 | Lair:2   | Reached *** piety under Trog
 11790 | Lair:2   | Reached skill level 11 in Axes
 11790 | Lair:2   | Reached skill level 10 in Shields
 11860 | Lair:2   | Noticed an eight-headed hydra
 11871 | Lair:2   | Killed a five-headed hydra
 12090 | Lair:2   | Found a hole to the Spider Nest.
 12096 | Lair:2   | Reached XP level 12. HP: 106/106 MP: 11/11
 12226 | Lair:2   | Identified the +9 war axe of the Tundras {venom, Will++
                  | Str+4}
 12529 | Lair:2   | Noticed an eight-headed hydra
 12538 | Lair:2   | Killed a six-headed hydra
 12541 | Lair:2   | Noticed a four-headed hydra
 12544 | Lair:2   | Reached skill level 12 in Axes
 12545 | Lair:2   | Noticed a four-headed hydra
 12550 | Lair:2   | Killed a one-headed hydra
 12550 | Lair:2   | Noticed a seven-headed hydra
 12567 | Lair:2   | Killed a one-headed hydra
 12586 | Lair:2   | HP: 1/108 [six-headed hydra (11)]
 12593 | Lair:2   | HP: 3/108 [five-headed hydra (3)]
 12594 | Lair:2   | Slain by a four-headed hydra

Illustrated notes

Levels and vault maps discovered:
D:1:      roderic_crop_circles_arrival_small, layout_loops_corners,
          shapermc_ecumenical_altar_hornbeckon
D:2:      layout_loops_ring, minmay_split_cup_small
D:3:      layout_basic, uniq_jessica
D:4:      layout_layer_cave, minmay_temple_entry_slanted, serial_shops,
          nicolae_diamond_shop, corexii_hall_statues_t, minmay_bisected
D:5:      layout_cave_pods, serial_glass, glass_columns_a, glass_columns_a,
          glass_columns_a, glass_columns_c, minmay_fire_ice_demons,
          uniq_sigmund, uniq_pikel
D:6:      layout_loops_ring, hangedman_abyss_or_decor_slice
D:7:      layout_cave_pods
D:8:      gammafunk_beogh_shrine, layout_cave_pods
D:9:      layout_loops_ring, serial_shops, shop
D:10:     layout_irregular_city, amcnicky_altar_gilded, lair_entry_dummy,
          erik_orc_4
Temple:   nicolae_temple_the_god_donut
Lair:1:   gammafunk_boulding_lane, layout_regular_city,
          hangedman_lair_unloving_vines, st_stairs_4, serial_bayou_pond_e,
          serial_bayou_lagoon_a, minivault_19, serial_bayou_shore_b,
          infiniplex_staircase_pool, uniq_joseph, uniq_gastronok
Lair:2:   nzn_winding_woodlands_stair_cross
          [nzn_winding_woodlands_5x15_concentric,
          nzn_winding_woodlands_center_diamonds, nzn_winding_woodlands_5x15_eye,
          nzn_winding_woodlands_5x5_default,
          nzn_winding_woodlands_5x5_closed_star,
          nzn_winding_woodlands_5x15_lazy_stream,
          nzn_winding_woodlands_center_garden,
          nzn_winding_woodlands_5x15_garden], layout_regular_city,
          shoals_dummy_entry, nicolae_spider_entry_non_spiders

Skill      XL: |  1  2  3  4  5  6  7  8  9 10 11 12 |
---------------+-------------------------------------+-----
Armour         | 4 5 6 8 9 10 | 10.8
Evocations     | 1 2 3 4 5 6 7 8 |  8.0
Throwing       | 1 2 3 4 5 6 7 8 |  8.4
Fighting       | 4 5 6 7 9 10 | 10.7
Shields        | 4 5 6 7 9 10 | 10.6
Axes           | 3 4 5 6 7 9 11 12 | 12.3

Action                   |  1- 3 |  4- 6 |  7- 9 | 10-12 || total
-------------------------+-------+-------+-------+-------++-------
Melee: War axe           |   298 |    49 |   144 |   276 ||   767
       Headbutt          |    87 |    15 |    19 |    51 ||   172
       Trident           |       |    54 |       |       ||    54
Throw: Boomerang         |     2 |    16 |    17 |    26 ||    61
       Dart              |       |       |       |     2 ||     2
Invok: Berserk           |       |       |     3 |    12 ||    15
       Trog's Hand       |       |       |       |     1 ||     1
Evoke: Wand              |       |       |       |     1 ||     1
  Use: Scroll            |       |    10 |    10 |     9 ||    29
       Potion            |       |       |     1 |     4 ||     5
 Stab: Paralysed         |       |       |       |     1 ||     1
Armor: Scale mail        |    33 |       |       |       ||    33
       Chain mail        |     6 |    55 |    83 |    15 ||   159
       Plate armour      |       |       |       |   183 ||   183
Dodge: Dodged            |    42 |    25 |    61 |    93 ||   221
Block: Buckler           |    23 |    16 |    39 |    81 ||   159
